 Dungeon Crawl Stone Soup version 0.24-a0-264-gf46a388 (webtiles) character file.

Game seed: 8354463539825210682

97 FlareUmbra the Charmwright (level 4, -1/34 HPs)
             Began as a Merfolk Skald on Apr 20, 2019.
             Slain by an adder (3 damage)
             ... on level 3 of the Dungeon.
             The game lasted 00:12:27 (1865 turns).

FlareUmbra the Charmwright (Merfolk Skald)          Turns: 1865, Time: 00:12:28

Health: -1/34      AC:  5    Str: 11    XL:     4   Next: 68%
Magic:  7/7        EV: 12    Int: 12    God:
Gold:   116        SH:  0    Dex: 14    Spells: 6/7 levels left

rFire    . . .     SeeInvis .   a - +0 falchion
rCold    . . .     Gourm    .   (no shield)
rNeg     . . .     Faith    .   l - +0 ring mail
rPois    .         Spirit   .   (no helmet)
rElec    .         Reflect  .   (no cloak)
rCorr    .         Harm     .   (no gloves)
MR       .....                  (no boots)
Stlth    +.........             (no amulet)
HPRegen  0.11/turn              (no ring)
MPRegen  0.10/turn              (no ring)

@: no status effects
A: change form in water, swift swim, stealthy swim
a: no special abilities


You were on level 3 of the Dungeon.
You were not hungry.

You visited 1 branch of the dungeon, and saw 3 of its levels.

You collected 116 gold pieces.

Inventory:

Hand Weapons
 a - a +0 falchion (weapon)
Armour
 b - a +0 leather armour
 l - a +0 ring mail (worn)
Scrolls
 e - a scroll of immolation {unknown}
 f - a scroll of fog {unknown}
 g - a scroll of amnesia {unknown}
 j - a scroll of identify {unknown}
 k - a scroll of random uselessness {unknown}
Potions
 c - a potion of brilliance {unknown}
 h - a potion of cancellation {unknown}
Comestibles
 d - 4 rations
 i - 7 chunks of flesh


   Skills:
 + Level 2.4 Fighting
 + Level 3.1 Long Blades
 + Level 1.2 Armour
 + Level 3.4 Dodging
 + Level 0.2 Stealth
 + Level 2.3 Spellcasting
 + Level 4.1 Charms


You had 6 spell levels left.
You knew the following spells:

 Your Spells              Type           Power        Failure   Level  Hunger
a - Infusion              Chrm           ##..         11%         1    ##.....

Your spell library contained the following spells:

 Spells                   Type           Power        Failure   Level  Hunger
 Song of Slaying          Chrm           ##......     17%         2    ###....
 Shroud of Golubria       Chrm/Tloc      #.........   36%         2    ###....
 Regeneration             Chrm/Necr      #.........   61%         3    ####...
 Spectral Weapon          Hex/Chrm       #.......     61%         3    ####...


Dungeon Overview and Level Annotations

Branches:
Dungeon (3/15)

Altars:


Message History

The adder is moderately wounded.
The adder bites you.
* * * LOW HITPOINT WARNING * * *
You are poisoned.
The adder poisons you!
You feel sick. The adder barely misses you.
You riposte.
You hit the adder.
The adder is heavily wounded.
You feel sick.
A frilled lizard, a giant cockroach and a goblin come into view.
The goblin shouts!
The frilled lizard hisses angrily.
You hear an angry hiss.
The adder closely misses you.
You feel sick. The adder bites you.
* * * LOW HITPOINT WARNING * * *
You feel sick.
You are no longer poisoned.
Some of the chunks of flesh in your inventory have rotted away.
The adder bites you.
You die...

########.)..................
###..###....<........
##.####.#...##.##### #..#
#.......#.# . #.## #.......#.#
..#########.####.........#
.....)..................##
####)######.....#######.#
#..####..###.@## #.# ##......##
##.S#####.###### ###..#.##
##...l..........
##......###.......g..........
###...........########.########
....)..........# #.#
.>.....#######.. ... .....### .
...# .....# .....


You could see an adder and a goblin.

Vanquished Creatures
  4 adders
  A dart slug (D:1)
  A leopard gecko (D:1)
  3 orcs (D:3)
  2 ball pythons (D:1)
  11 bats
  9 hobgoblins
  4 jackals (D:2)
  3 kobolds (D:1)
  A frilled lizard (D:1)
  10 goblins
  2 rats
51 creatures vanquished.

Vanquished Creatures (others)
  7 toadstools (D:1)
7 creatures vanquished.

Grand Total: 58 creatures vanquished

Notes
Turn   | Place    | Note
-------+----------+-------------------------------------------
     0 | D:1      | FlareUmbra the Merfolk Skald began the quest for the Orb.
     0 | D:1      | Reached XP level 1. HP: 16/16 MP: 3/3
   137 | D:1      | Reached XP level 2. HP: 17/22 MP: 0/5
   641 | D:1      | Reached skill level 4 in Charms
   648 | D:1      | Reached XP level 3. HP: 16/27 MP: 6/6
   812 | D:2      | Reached skill level 1 in Armour
  1038 | D:2      | Reached XP level 4. HP: 15/34 MP: 7/7
  1865 | D:3      | Slain by an adder

Levels and vault maps discovered:
D:1:      nagdon_arrival_double_spiral, layout_loops_ring,
          chequers_serial_rivers_micro_b
D:2:      layout_rooms
D:3:      layout_rooms

Skill      XL: |  1  2  3  4 |
---------------+-------------+-----
Charms         | 4 |  4.1
Armour         | 1 |  1.2
Dodging        | 3 |  3.4
Long Blades    | 3 |  3.1
Fighting       | |  2.4
Stealth        | |  0.2
Spellcasting   | |  2.3

Action                   |  1- 3 |  4- 6 || total
-------------------------+-------+-------++-------
Melee: Falchion          |    75 |    57 ||   132
 Cast: Infusion          |     2 |     1 ||     3
 Stab: Sleeping          |       |     1 ||     1
  Eat: Chunk             |       |     3 ||     3
Armor: Leather armour    |    26 |     7 ||    33
       Ring mail         |       |     5 ||     5
Dodge: Dodged            |    87 |    53 ||   140
       Rpst.: Falchion   |    28 |    14 ||    42

Table legend:
 A = Non-vault XP
 B = Vault XP
 C = Vault XP percentage of total XP
 D = Non-vault monster count
 E = Vault monster count
 F = Vault count percentage of total count
                 A         B        C        D         E       F
            +---------+---------+-------+---------+---------+-------
      Total |     139 |       0 |   0.0 |      51 |       0 |   0.0
            +---------+---------+-------+---------+---------+-------
        D:1 |      40 |       0 |   0.0 |      17 |       0 |   0.0
        D:2 |      75 |       0 |   0.0 |      23 |       0 |   0.0
        D:3 |      24 |       0 |   0.0 |      11 |       0 |   0.0
            +---------+---------+-------+---------+---------+-------
